 Dungeon Crawl Stone Soup version 0.31.0-4-g52a2dc7128 (webtiles) character file.

Game seed: 13190693014303664925

2386 Jase the Cleaver (level 9, 0/70 (74) HPs)
             Began as a Hill Orc Monk on Jan 22, 2024.
             Was a High Priest of Makhleb.
             Splashed by a jelly's acid (3 damage)
             ... on level 6 of the Dungeon.
             The game lasted 00:19:06 (6109 turns).

Jase the Cleaver (Hill Orc Monk)                    Turns: 6109, Time: 00:19:07

HP:   0/70 (74)     AC: -5    Str: 18    XL:     9   Next: 46%
MP:   16/16         EV:  8    Int: 10    God:    Makhleb [*****.]
Gold: 379           SH:  0    Dex: 19    Spells: 8/8 levels left

rFire   . . .        a - +0 war axe
rCold   . . .        d - orb {light}
rNeg    . . .        y - +0 chain mail
rPois   .            k - +0 helmet
rElec   .            (no cloak)
rCorr   .            g - +0 pair of gloves
SInv    .            j - +0 pair of boots
Will    +....        (no amulet) Stlth
                     o - +6 ring of dexterity
HPRegen 0.31/turn    r - ring of willpower
MPRegen 0.15/turn

%: no passive effects
@: corroded, glowing, drained
A: no striking features
a: Renounce Religion, Minor Destruction, Lesser Servant of Makhleb, Major
Destruction, Greater Servant of Makhleb


You were on level 6 of the Dungeon.
You worshipped Makhleb.
Makhleb was extremely pleased with you.
You visited 1 branch of the dungeon, and saw 6 of its levels.
You also visited: Ossuary.

You collected 379 gold pieces.

Inventory:

Hand Weapons
 a - a +0 war axe (weapon)
 b - a +5 battleaxe
 c - a +4 whip of electrocution
Missiles
 f - 35 stones (quivered)
Armour
 d - an orb of light (worn)
 g - a +0 pair of gloves (worn)
 j - a +0 pair of boots (worn)
 k - a +0 helmet (worn)
 y - a +0 chain mail (worn)
Jewellery
 o - a +6 ring of dexterity (left hand)
 r - a ring of willpower (right hand)
Wands
 C - a wand of flame (25)
 H - a wand of polymorph (8)
 J - a wand of mindburst (16)
 K - a wand of acid (10)
Scrolls
 e - a scroll of amnesia {unknown}
 i - 2 scrolls of vulnerability {unknown}
 m - a scroll of immolation {unknown}
 p - a scroll of torment {unknown}
 q - a scroll of enchant weapon {unknown}
 t - 4 scrolls of identify {unknown}
 u - 2 scrolls of teleportation {unknown}
 v - 2 scrolls of silence {unknown}
 w - a scroll of poison {unknown}
 x - a scroll of enchant armour {unknown}
 z - a scroll of revelation {unknown}
 I - a scroll of fog {unknown}
Potions
 h - 7 potions of attraction {unknown}
 l - 5 potions of curing {unknown}
 n - a potion of lignification {unknown}
 s - 4 potions of might {unknown}
 A - a potion of brilliance {unknown}
 B - a potion of ambrosia
 D - a potion of heal wounds {unknown}
 E - a potion of resistance {unknown}
 F - 3 potions of berserk rage {unknown}
 G - 2 potions of invisibility {unknown}


   Skills:
 - Level 5.0 Fighting
 + Level 12.2 Axes
 - Level 2.4 Dodging
 + Level 10.5 Invocations


You had 8 spell levels left.
You didn't know any spells.
Your spell library contained the following spells:

 Spells                   Type           Power      Damage    Failure   Level
 Apportation              Tloc           0%         N/A       99%         1
 Necrotise                Necr           0%         1d4       99%         1
 Sting                    Conj/Alch      0%         1d3       99%         1
 Summon Small Mammal      Summ           0%         N/A       99%         1
 Jinxbite                 Hex            0%         N/A       99%         2
 Vampiric Draining        Necr           0%         2d6       100%        3
 Martyr's Knell           Necr/Summ      0%         N/A       100%        4
 Curse of Agony           Necr           0%         N/A       100%        5
 Yara's Violent Unravell  Hex/Alch       0%         3d3       100%        5
 Enfeeble                 Hex            0%         N/A       100%        7


Dungeon Overview and Level Annotations

Branches:
Dungeon (6/15)             Temple (0/1) D:5         Ossuary (visited)

Altars:
Fedhas
Gozag
Makhleb
Nemelex Xobeh
Okawaru
Ru
Vehumet
Wu Jian
Yredelemnul

Annotations:
D:5 3 runed translucent doors, DaftaChap's ghost, novice DjCj


Message History

Makhleb accepts your kill.
You can now summon a greater servant of Makhleb.
You feel better.
No target in view!
No target in view!
K - a wand of acid (10)
Found a stone staircase leading up.
Found a stone staircase leading down.
There is a stone staircase leading down here.
A jelly comes into view.
Found 14 gold pieces.
The jelly hits you. The acid corrodes you!
You are splashed with acid!
You slash the jelly!
Your hands burn!
The jelly is heavily wounded.
The jelly hits you but does no damage.
You hit the jelly. The acid corrodes you!
Your hands burn!
The jelly is severely wounded.
You hit the jelly but do no damage.
Your hands burn!
The jelly is severely wounded.
The jelly hits you.
You are splashed with acid!
You hit the jelly. The acid corrodes you!
Your hands burn!
The jelly is almost dead.
The jelly hits you.
You are splashed with acid.
You are too injured to fight recklessly!
You are too injured to fight recklessly!
You are too injured to fight recklessly!
You are too injured to fight recklessly!
You hit the jelly.
Your hands burn!
The jelly is almost dead.
The jelly hits you. The acid corrodes you!
You are splashed with acid!
* * * LOW HITPOINT WARNING * * *
You hit the jelly but do no damage.
Your hands burn!
* * * LOW HITPOINT WARNING * * *
The jelly is almost dead.
The jelly hits you.
* * * LOW HITPOINT WARNING * * *
The acid corrodes you!
You are splashed with acid!
* * * LOW HITPOINT WARNING * * *
You hit the jelly but do no damage.
Your hands burn!
You die...

#......... #.........
#......... #.........
#......... #.......$.
#########..J......
.....?....@....... ..
.........#######.#####.
. .........# ..#.. #
########.#### #.#.# #
#...>.# #.#.# # #..#..#
#...# # ##....###
####### #
#.......###.....# # #
##............#.#


You could see a jelly.

Vanquished Creatures
  Eustachio (D:4)
  Menkaure (D:5)
  Pargi (D:4)
  A black bear (D:5)
  A centaur (D:6)
  An elf zombie (Ossuary)
  A bullfrog (D:6)
  A scorpion (D:6)
  5 wights (D:6)
  A bombardier beetle (D:4)
  2 jellies
  2 quasits (D:4)
  4 centaur zombies (Ossuary)
  A human zombie (Ossuary)
  A hound (D:6)
  Terence (D:3)
  A sleepcap (D:4)
  2 iguanas
  9 hound zombies
  2 mummies (Ossuary)
  8 adders
  A gnoll (D:5)
  7 shadow imps (D:4)
  4 white imps
  An ufetubus (D:4)
  7 adder zombies
  2 dart slugs
  7 orcs
  7 ball pythons
  6 bats
  6 endoplasms
  7 giant cockroaches
  6 goblins
  9 hobgoblins
  7 jackals
  8 kobolds
  5 quokkas
  5 frilled lizards
  7 gnoll zombies (Ossuary)
  5 jackal zombies (Ossuary)
  5 kobold zombies (Ossuary)
  2 orc zombies (Ossuary)
  7 rats
168 creatures vanquished.

Vanquished Creatures (collateral kills)
  Grinder (D:5)
  Edmund (D:5)
  2 orc priests (D:5)
  A hound (D:5)
  2 orc wizards (D:5)
  3 gnolls (D:5)
  3 orcs (D:5)
  A jackal (D:5)
  A quokka (D:5)
15 creatures vanquished.

Grand Total: 183 creatures vanquished

Notes
Turn   | Place    | Note
-------+----------+-------------------------------------------
     0 | D:1      | Jase the Hill Orc Monk began the quest for the Orb.
     0 | D:1      | Reached XP level 1. HP: 19/19 MP: 1/1
   198 | D:1      | Reached XP level 2. HP: 26/26 MP: 2/2
   441 | D:1      | Reached skill level 5 in Axes
   755 | D:1      | Reached XP level 3. HP: 26/31 MP: 3/3
  1090 | D:2      | Found a burning altar of Makhleb.
  1102 | D:2      | Reached skill level 6 in Axes
  1110 | D:2      | Became a worshipper of Makhleb the Destroyer
  1110 | D:2      | Reached * piety under Makhleb
  1110 | D:2      | Reached ** piety under Makhleb
  1452 | D:2      | Reached XP level 4. HP: 38/40 MP: 4/4
  1487 | D:2      | Reached skill level 1 in Invocations
  1625 | D:2      | Found a faded altar of an unknown god.
  1919 | D:3      | Noticed Terence
  1937 | D:3      | Killed Terence
  1938 | D:3      | Reached XP level 5. HP: 30/46 MP: 6/6
  2755 | D:4      | Noticed Pargi
  2777 | D:4      | Killed Pargi
  2778 | D:4      | Reached skill level 7 in Axes
  2778 | D:4      | Reached XP level 6. HP: 35/55 MP: 6/8
  2892 | D:4      | Reached skill level 5 in Fighting
  2941 | D:4      | Noticed Eustachio
  3090 | D:4      | Found a basalt altar of Yredelemnul.
  3152 | D:4      | Killed Eustachio
  3153 | D:4      | Reached XP level 7. HP: 53/61 MP: 8/10
  3193 | D:4      | Reached *** piety under Makhleb
  3194 | D:4      | Reached skill level 8 in Axes
  3194 | D:4      | Reached skill level 5 in Invocations
  3358 | D:4      | Found a sparkling altar of Nemelex Xobeh.
  3611 | D:4      | Found a radiant altar of Vehumet.
  3617 | D:4      | Found an iron altar of Okawaru.
  3620 | D:4      | Found a blossoming altar of Fedhas.
  3640 | D:4      | Found a sacrificial altar of Ru.
  3753 | D:5      | Entered Level 5 of the Dungeon
  3759 | D:5      | Noticed Edmund
  3762 | D:5      | Noticed Grinder
  3767 | D:5      | Killed Edmund
  3775 | D:5      | Reached skill level 9 in Axes
  3776 | D:5      | Killed Grinder
  3777 | D:5      | Reached XP level 8. HP: 36/68 MP: 11/13
  4098 | D:5      | Noticed Menkaure
  4110 | D:5      | Killed Menkaure
  4111 | D:5      | Reached skill level 10 in Axes
  4327 | D:5      | Found a staircase to the Ecumenical Temple.
  4376 | D:5      | Identified the +7 dagger of Foyvuc {flame, rCorr Str+3}
  4382 | D:5      | Found an opulent altar of Gozag.
  4403 | D:5      | Found a runed translucent gate.
  4403 | D:5      | Found a runed translucent gate.
  4403 | D:5      | Found a runed translucent gate.
  4405 | D:5      | Noticed DaftaChap's ghost (novice DjCj)
  4458 | D:5      | Found an opulent altar of Gozag.
  4458 | D:5      | Found an opulent altar of Gozag.
  4464 | D:5      | Found an opulent altar of Gozag.
  4944 | D:6      | Found an ornate altar of the Wu Jian Council.
  5001 | D:6      | Found a sand-covered staircase.
  5010 | Ossuary  | Entered an ossuary
  5150 | Ossuary  | Reached **** piety under Makhleb
  5165 | Ossuary  | Reached skill level 11 in Axes
  5199 | Ossuary  | Reached XP level 9. HP: 70/74 MP: 15/15
  5551 | D:6      | Reached skill level 10 in Invocations
  5667 | D:6      | Reached skill level 12 in Axes
  6027 | D:6      | Reached ***** piety under Makhleb
  6108 | D:6      | HP: 3/70 [acid (9)]
  6109 | D:6      | Splashed by a jelly's acid

Illustrated notes

Levels and vault maps discovered:
D:1:      reono_arrival_forest_river, layout_loops_corners
D:2:      minmay_chambers_of_twos, layout_basic, basic_altar,
          shapermc_ecumenical_altar_pompeii, kennysheep_potato
D:3:      layout_basic, uniq_terence
D:4:      layout_loops_ring, nicolae_yredelemnul_corpse_copse,
          nemelex_dance_club_becter, general_overflow_altar,
          minmay_overflow_temple_star_quad, serial_demonic, serial_demonic_a,
          serial_demonic_d, serial_demonic_e, serial_demonic_e, uniq_eustachio,
          uniq_pargi
D:5:      layout_basic, nicolae_gozag_conspicuous_consumption,
          minmay_temple_entry_statues_fountains, gammafunk_ghost_necromancy,
          minmay_starry_boxes, uniq_grinder, uniq_edmund, uniq_menkaure
D:6:      layout_basic, mainiacjoe_overflow_chevrons, serial_co_window_serial,
          co_window_corner_a, co_window_corner_a, co_window_paths_b,
          co_window_of_opportunity_a, co_window_paths_a, co_window_broadway_b,
          co_window_corner_b, co_window_unsneaky_path_d, co_window_paths_d,
          co_window_4corner_a, glass_columns_b, glass_columns_b,
          glass_columns_a, glass_columns_c, glass_columns_a,
          nicolae_ossuary_entry_plus, minmay_tree_intersection

Skill      XL: |  1  2  3  4  5  6  7  8  9 |
---------------+----------------------------+-----
Axes           | 5 6 7 9 11 12 | 12.2
Invocations    | 2 3 4 7 9 10 | 10.5
Fighting       | 4 5 |  5.0
Dodging        | |  2.4

Action                     |  1- 3 |  4- 6 |  7- 9 || total
---------------------------+-------+-------+-------++-------
  Melee: Hand axe          |   117 |    65 |       ||   182
         War axe           |       |    72 |   285 ||   357
 Invoke: Minor Destruction |       |     6 |       ||     6
         Lesser Servant of |       |       |     2 ||     2
   Stab: Distracted        |       |       |     1 ||     1
 Armour: Robe              |    10 |       |       ||    10
         Ring mail         |    36 |       |       ||    36
         Scale mail        |     4 |   102 |    69 ||   175
         Chain mail        |       |       |   181 ||   181
  Dodge: Dodged            |    78 |    91 |   132 ||   301
